 Dungeon Crawl Stone Soup version 0.31-a0-43-g46d131a48f (webtiles) character file.

Game seed: 179215625877516870

585 Essalna the Firebug (level 7, -1/36 HPs)
             Began as a Tengu Fire Elementalist on May 19, 2023.
             Slain by Pikel
             ... wielding a +1 whip of freezing
              (5 damage)
             ... on level 3 of the Dungeon.
             The game lasted 00:07:41 (4249 turns).

Essalna the Firebug (Tengu Fire Elementalist)       Turns: 4249, Time: 00:07:41

Health: -1/36      AC:  2    Str:  8    XL:     7   Next: 37%
Magic:  9/13       EV: 18    Int: 18    God:
Gold:   197        SH:  5    Dex: 26    Spells: 6/13 levels left

rFire   . . .        f - staff of conjuration
rCold   . . .        (no shield)
rNeg    . . .        a - +0 robe
rPois   .            (helmet restricted)
rElec   .            (no cloak)
rCorr   .            (no gloves)
SInv    .            (boots unavailable)
Will    .....        g - amulet of reflection
Stlth   +++          j - +6 ring of dexterity
HPRegen 0.26/turn    m - +6 ring of dexterity
MPRegen 0.13/turn

%: reflection
@: flying quickly and evasively, quick
A: beak, talons 3, nimble flight
a: no special abilities


You were on level 3 of the Dungeon.
You visited 1 branch of the dungeon, and saw 4 of its levels.

You collected 197 gold pieces.

Inventory:

Armour
 a - a +0 robe (worn)
Magical Staves
 f - a staff of conjuration (weapon)
Jewellery
 g - an amulet of reflection (around neck)
 j - a +6 ring of dexterity (left hand)
 m - a +6 ring of dexterity (right hand)
Wands
 k - a wand of polymorph (8)
 n - a wand of acid (8)
 q - a wand of digging (3)
Scrolls
 c - 4 scrolls of identify {unknown}
 e - a scroll of acquirement {unknown}
 i - a scroll of noise {unknown}
 o - a scroll of poison {unknown}
 p - a scroll of torment {unknown}
 r - a scroll of teleportation {unknown}
 t - a scroll of amnesia {unknown}
Potions
 b - 2 potions of magic
 d - a potion of curing {unknown}
 h - a potion of heal wounds {unknown}
 l - a potion of resistance {unknown}
 s - a potion of haste {unknown}


   Skills:
 + Level 4.3 Dodging
 + Level 4.1 Stealth
 + Level 3.6 Spellcasting
 + Level 4.5 Conjurations
 + Level 4.9 Fire Magic


You had 6 spell levels left.
You knew the following spells:

 Your Spells              Type           Power      Damage    Failure   Level
a - Foxfire               Conj/Fire      100%       2x1d9     2%          1
b - Scorch                Fire           42%        2d7       3%          2
c - Flame Wave            Conj/Fire      30%        2d9       22%         4

Your spell library contained the following spells:

 Spells                   Type           Power      Damage    Failure   Level
 Inner Flame              Hex/Fire       12%        N/A       17%         3
 Volatile Blastmotes      Fire/Tloc      24%        2d12      17%         3
 Ensorcelled Hibernation  Hex/Ice        6%         N/A       24%         2
 Passwall                 Tmut/Erth      2%         N/A       24%         2
 Sublimation of Blood     Necr           3%         N/A       24%         2
 Wereblood                Tmut           3%         N/A       24%         2
 Call Canine Familiar     Summ           3%         N/A       43%         3
 Frozen Ramparts          Ice            6%         1d1       43%         3
 Portal Projectile        Hex/Tloc       6%         N/A       43%         3
 Swiftness                Air            3%         N/A       43%         3
 Ice Form                 Ice/Tmut       3%         N/A       83%         4
 Leda's Liquefaction      Hex/Erth       1%         N/A       83%         4
 Summon Ice Beast         Ice/Summ       3%         N/A       83%         4
 Summon Hydra             Summ           1%         N/A       100%        7


Dungeon Overview and Level Annotations

Branches:
Dungeon (4/15)
 Temple: D:4-7

Altars:
Gozag
Hepliaklqana

Shops:
D:3 :

Annotations:
D:3 Pikel


Innate Abilities, Weirdness & Mutations

You have a beak for a mouth.
You have claws for feet.
Your magical nature lets you fly swiftly and evasively.


Message History

Pikel says, "I touched Geryon's horn once."
Pikel is nearby!
Pikel says, "You'll make a fine lemure."
There is a stone staircase leading up, spattered with blood here.
You fly upwards.
There is a stone staircase leading down here.
You start resting.
Magic restored.
You fly downwards.
Level annotation: Pikel Pikel hits you with a +1 whip of freezing!
Pikel freezes you.
The kobold throws a stone.
You block the stone with an invisible shield... and reflect it back!
The stone closely misses the kobold.
There is a stone staircase leading up, spattered with blood here.
Casting: Foxfire (safe; 2% risk of failure)
Confirm with . or Enter, or press ? or * to list all spells.
Flames lash Pikel.
Pikel is moderately wounded.
Pikel's fire resistance burns away.
The kobold throws a stone.
The stone hits you.
Pikel hits you with a +1 whip of freezing!
Pikel freezes you.
Casting: Scorch (safe; 3% risk of failure)
Confirm with . or Enter, or press ? or * to list all spells.
Flames lash Pikel but do no damage.
You block Pikel's attack.
Pikel is no longer more vulnerable to fire.
Pikel hits you with a +1 whip of freezing!
* * * LOW HITPOINT WARNING * * *
Pikel freezes you.
* * * LOW HITPOINT WARNING * * *
You fly upwards.
There is a stone staircase leading down here.
Aiming: Corrosive Bolt
Press: ? - help, Shift-Dir - straight line, f - Pikel
Aim: Pikel, wielding a +1 whip of freezing and wearing a +1 robe of willpower (moderately wounded, 64% to hit)
The bolt of acid hits Pikel!!
Pikel is severely wounded.
Pikel hits you with a +1 whip of freezing.
You die...

#...##........###........
####.#......................
#.....#...........###.......
#...........................
#.....##...........##..#....
#.....##..............##...#
#.....###.........######...∩
#..................## #...#
#......#...@........####...#
######.#..K...........######
##..#...............#
##..##............#..#
######..#.................#
#)..#..##..........###....#####
###.....<....##.###.....##....#[.
#......#####.#..# #####..........
..##.###.....#.## ####.......


You could see Pikel.

Vanquished Creatures
  Sigmund (D:3)
  A black bear (D:4)
  An ogre (D:4)
  4 lemures
  3 hounds (D:4)
  Jessica (D:3)
  Ijyb (D:4)
  3 adders
  3 worms
  5 dart slugs
  An orc (D:3)
  3 ball pythons
  2 endoplasms
  A giant cockroach (D:2)
  9 goblins
  9 hobgoblins
  2 jackals (D:2)
  4 quokkas
  5 bats
  A frilled lizard (D:3)
  7 kobolds
  9 rats
76 creatures vanquished.

Vanquished Creatures (others)
  435 foxfires
435 creatures vanquished.

Grand Total: 511 creatures vanquished

Notes
Turn   | Place    | Note
-------+----------+-------------------------------------------
     0 | D:1      | Essalna the Tengu Fire Elementalist began the quest for the
                  | Orb.
     0 | D:1      | Reached XP level 1. HP: 10/10 MP: 4/4
   376 | D:1      | Reached XP level 2. HP: 15/15 MP: 1/6
   867 | D:2      | Found an opulent altar of Gozag.
  1077 | D:2      | Reached XP level 3. HP: 18/19 MP: 5/7
  1780 | D:2      | Reached XP level 4. HP: 24/24 MP: 4/8
  2530 | D:3      | Noticed Sigmund
  2669 | D:3      | Found Pinkoz's Book Boutique.
  2795 | D:3      | Killed Sigmund
  2796 | D:3      | Gained mutation: Your magical nature lets you fly swiftly
                  | and evasively. [Tengu growth]
  2796 | D:3      | Reached XP level 5. HP: 28/28 MP: 3/10
  2796 | D:3      | Reached XP level 6. HP: 32/32 MP: 3/11
  3106 | D:3      | Noticed Jessica
  3108 | D:3      | Killed Jessica
  3434 | D:4      | Noticed Ijyb
  3448 | D:4      | Killed Ijyb
  3555 | D:4      | Reached XP level 7. HP: 36/36 MP: 9/13
  3558 | D:4      | Learned a level 2 spell: Scorch
  3650 | D:4      | Learned a level 4 spell: Flame Wave
  3716 | D:4      | Found a hazy altar of Hepliaklqana.
  3928 | D:4      | Noticed Pikel
  4249 | D:3      | Slain by Pikel

Illustrated notes

Levels and vault maps discovered:
D:1:      grunt_arrival_lava_bath, layout_rooms, item_on_display_a
D:2:      layout_basic, basic_altar, grunt_ministairs_5
D:3:      layout_rooms, serial_shops, shop, uniq_jessica, uniq_sigmund
D:4:      layout_loops_cross, mainiacjoe_overflow_paths,
          minmay_temple_entry_poolview, serial_shops, shop,
          minmay_misc_feat_ornament, uniq_ijyb, uniq_crazy_yiuf_cottage,
          uniq_pikel

Skill      XL: |  1  2  3  4  5  6  7 |
---------------+----------------------+-----
Conjurations   | 2 3 4 |  4.5
Dodging        | 3 4 |  4.3
Stealth        | 3 4 |  4.1
Spellcasting   | 3 |  3.6
Fire Magic     | 4 |  4.9

Action                     |  1- 3 |  4- 6 |  7- 9 || total
---------------------------+-------+-------+-------++-------
  Melee: Staff             |    13 |     8 |     9 ||    30
         Kick              |     5 |     5 |     2 ||    12
         Punch             |     1 |       |       ||     1
         Peck              |     1 |     1 |     1 ||     3
   Cast: Foxfire           |    94 |    98 |    59 ||   251
         Scorch            |       |       |     2 ||     2
  Evoke: Wand              |       |       |     1 ||     1
   Stab: Sleeping          |       |       |     1 ||     1
 Armour: Robe              |     2 |       |     1 ||     3
  Dodge: Dodged            |    14 |    13 |    26 ||    53
  Block: Other             |     3 |     4 |     7 ||    14
         Reflection        |       |       |     1 ||     1

Table legend: (Time is in decaauts)
 A = Elapsed time spent in this place.
 B = Non-inter-level travel time spent in this place.
 C = Inter-level travel time spent in this place.
 D = Time resting spent in this place.
 E = Time spent auto-exploring this place.
 F = Levels seen in this place.
 G = Mean time per level.
                   A        B        C        D        E       F      G
               +--------+--------+--------+--------+--------+-----+--------+
         Total |   4196 |   4087 |    109 |     92 |   3390 |   4 | 1049.0 |
       Dungeon |   4196 |   4087 |    109 |     92 |   3390 |   4 | 1049.0 |
               +--------+--------+--------+--------+--------+-----+--------+

Top non-repeatable levels by time:
     D:2: 1632 daAuts
     D:3: 1029 daAuts
     D:4: 803 daAuts
     D:1: 731 daAuts
